 Dungeon Crawl Stone Soup version 0.32-a0-612-g1c984fe9d1 (console) character file.

Game seed: 12298741048682809185

13 petzl the Sneak (level 2, -5/24 HPs)
             Began as a Formicid Delver on Mar 4, 2024.
             Slain by an iguana (11 damage)
             ... on level 4 of the Dungeon.
             The game lasted 00:03:13 (280 turns).

petzl the Sneak (Formicid Delver)                    Turns: 280, Time: 00:03:14

Health: -5/24      AC:  3    Str: 16    XL:     2   Next: 50%
Magic:  3/3        EV: 12    Int:  9    God:
Gold:   31         SH:  0    Dex: 15    Spells: 2/2 levels left

rFire   . . .        b - +0 war axe {!f =f}
rCold   . . .        (no shield)
rNeg    . . .        i - +0 leather armour
rPois   .            (helmet unavailable)
rElec   .            (no cloak)
rCorr   .            (no gloves)
SInv    +            (no boots)
Will    .....        (no amulet)
Stlth   +++          (no ring)
HPRegen 0.24/turn    (no ring)
MPRegen 0.08/turn

%: no passive effects
@: no status effects
A: permanent stasis, dig shafts and tunnels, antennae 3, four strong arms
a: Dig, Shaft Self


You were on level 4 of the Dungeon.
You visited 1 branch of the dungeon, and saw 2 of its levels.

You collected 31 gold pieces.

Inventory:

Hand Weapons
 a - a +0 arbalest
 b - a +0 war axe (weapon) {!f =f}
 h - a +0 mace
Armour
 i - a +0 leather armour (worn)
Wands
 f - a wand of digging (3)
Scrolls
 c - a scroll of fog
 d - a scroll of revelation
 g - a scroll of amnesia {unknown}


   Skills:
 + Level 3.6 Fighting
 - Level 2.0 Maces & Flails
 + Level 1.0 Ranged Weapons
 - Level 1.7 Dodging
 - Level 6.0 Stealth
 + Level 0.9 Spellcasting


You had 2 spell levels left.
You didn't know any spells.
Your spell library contained the following spells:

 Spells                   Type           Power      Damage    Failure   Level
 Sandblast                Erth           0%         2d4       43%         1
 Passwall                 Erth           0%         N/A       80%         3
 Stone Arrow              Conj/Erth      0%         3d7       80%         3
 Brom's Barrelling Bould  Conj/Erth      0%         2d3       99%         4


Dungeon Overview and Level Annotations

Branches:
Dungeon (5/15)
 Temple: D:4-7

Altars:
Elyvilon
Okawaru

Annotations:
D:4 exclusion: downstairs


Innate Abilities, Weirdness & Mutations

You cannot be hasted, slowed, berserked, paralysed or teleported.
You can dig through walls and to a lower floor.
You have a pair of large antennae on your head. (SInv)
Your four strong arms can wield two-handed weapons with a shield.


Message History

You climb downwards.
Found 4 stones.
There is a stone staircase leading up here.
You climb upwards.
There is a stone staircase leading down here.
Press: ? - help, v - describe, . - travel A stone staircase leading down.
Placed new exclusion.
Reduced exclusion size to a single square.
Unknown command.
Unknown command.
An adder comes into view.
You shoot a bolt. The bolt hits the adder!
You kill the adder!
Your Ranged Weapons skill increases to level 1!
You have reached level 2!
You start resting.
Magic restored.
An iguana comes into view.
You shoot a bolt. The bolt completely misses the iguana.
You shoot a bolt. The bolt barely misses the iguana.
b - a +0 war axe (weapon)
{!f =f} The iguana bites you.
You hit the iguana.
The iguana is lightly wounded.
The iguana barely misses you.
You hit the iguana.
The iguana is moderately wounded.
The iguana bites you. The iguana bites you!
Ouch! That really hurt!
* * * LOW HITPOINT WARNING * * *
Okay, then.
You aren't carrying any potions.
Unknown command.
Unknown command.
Are you sure you want to shaft yourself?
The iguana barely misses you.
You begin to dig a shaft.
You continue digging a shaft.
The iguana bites you!
You die...

## ###...
#.... ##..#
#@l# #.
#..###...
#.....#
#...#.#
#.....#
#..###..# #..#
{#. #..###..#
#.....#
#...#.# .
#.....###.{
#..###...#{
#..###.#.#
#...##...###..
#...........
##..###..#
##......###.#
#####......#
##.#####


You could see an iguana.

Vanquished Creatures
  An adder (D:4)
  2 endoplasms (D:4)
  A hobgoblin (D:4)
4 creatures vanquished.

Notes
Turn   | Place    | Note
-------+----------+-------------------------------------------
     0 | D:5      | petzl the Formicid Delver began the quest for the Orb.
     0 | D:5      | Reached XP level 1. HP: 18/18 MP: 1/1
    87 | D:4      | Noticed a hound
    91 | D:4      | Found an iron altar of Okawaru.
   164 | D:4      | Found a white marble altar of Elyvilon.
   200 | D:5      | Noticed a scorpion
   242 | D:4      | Reached skill level 1 in Ranged Weapons
   242 | D:4      | Reached XP level 2. HP: 24/24 MP: 1/3
   280 | D:4      | Slain by an iguana

Illustrated notes

Levels and vault maps discovered:
D:4:      layout_loops_ring, elyvilon_altar_5, okawaru_metal_pillars_1_2,
          minmay_starry_boxes, uniq_pargi
D:5:      layout_cave_pools, minmay_shop_grid_forest, minmay_small_thing

Skill      XL: |  1 |
---------------+----+-----
Ranged Weapons | 1 |  1.0
Fighting       | |  3.6
Maces & Flails | |  2.0
Dodging        | |  1.7
Stealth        | |  6.0
Spellcasting   | |  0.9

Action                     || total
---------------------------++-------
  Melee: War axe           ||     5
   Fire: Arbalest          ||     9
Ability: Shaft Self        ||     1
    Use: Scroll            ||     1
 Armour: Leather armour    ||     9
  Dodge: Dodged            ||     2

Table legend: (Time is in decaauts)
 A = Elapsed time spent in this place.
 B = Non-inter-level travel time spent in this place.
 C = Inter-level travel time spent in this place.
 D = Time resting spent in this place.
 E = Time spent auto-exploring this place.
 F = Levels seen in this place.
 G = Mean time per level.
                   A        B        C        D        E       F      G
               +--------+--------+--------+--------+--------+-----+--------+
         Total |    288 |    288 |      0 |     54 |     22 |   2 |  144.0 |
       Dungeon |    288 |    288 |      0 |     54 |     22 |   2 |  144.0 |
               +--------+--------+--------+--------+--------+-----+--------+

Top non-repeatable levels by time:
     D:4: 214 daAuts
     D:5: 73 daAuts
